AoeStats
← rondelok

Arena

505515781Analyzed
2v2 RM · 22d ago on Sep 9, 2026· 77m 30s· 4 players
Game mode
Random Map
Map size
Medium (4 player)
Population
200
Speed
Normal
Resources
Standard
Victory
Conquest
Starting age
Dark Age
Ending age
Imperial Age
RankedLock teamsTeams togetherTeam positionsShared explorationLock speedFull tech treeHidden civsTurbo modeCheats
Victory
Defeat
🇧🇪 Cumans · Belgium
810
+14
🇨🇱 Saracens · Chile
785
+15
🇪🇪 Burmese · Estonia
914
-20
🇪🇪 Vietnamese · Estonia
616
-9
Sopaipleto
11:01 Feudal Age
11:35 Double-Bit Axe
14:18 Bloodlines
14:03 Horse Collar
21:27 Wheelbarrow
24:16 Castle Age
22:17 Stone Mining
25:00 Fletching
25:11 Padded Archer Armor
25:21 Husbandry
25:17 Gold Mining
26:21 Elite Skirmisher
30:32 Pikeman
31:13 Squires
30:58 Arson
32:48 Bimaristan
34:24 Forging
34:20 Scale Barding Armor
35:03 Bodkin Arrow
39:48 Hand Cart
40:52 Ballistics
40:28 Murder Holes
45:24 Imperial Age
43:39 Thumb Ring
45:02 Chain Barding Armor
44:58 Leather Archer Armor
45:29 Elite Mameluke
47:19 Caravan
48:56 Chemistry
48:37 Plate Barding Armor
49:52 Iron Casting
54:25 Ring Archer Armor
54:55 Blast Furnace
54:09 Bow Saw
54:02 Heavy Plow
63:47 Gold Shaft Mining
63:45 Bracer
64:08 Siege Engineers
Ernst paul
5:21 Loom
10:51 Feudal Age
13:20 Double-Bit Axe
20:32 Horse Collar
26:02 Castle Age
23:59 Stone Mining
25:21 Fletching
25:43 Forging
25:34 Padded Archer Armor
26:09 Crossbowman
32:04 Thumb Ring
31:58 Gold Mining
33:34 Scale Barding Armor
34:34 Iron Casting
35:42 Ballistics
39:58 Imperial Age
37:57 Heavy Plow
39:34 Wheelbarrow
40:49 Cavalier
42:32 Bloodlines
44:16 Chemistry
44:07 Chain Barding Armor
44:53 Blast Furnace
46:31 Paladin
48:48 Bodkin Arrow
49:10 Leather Archer Armor
55:08 Gold Shaft Mining
54:42 Caravan
56:18 Conscription
57:08 Plate Barding Armor
68:09 Elite Skirmisher
71:13 Ring Archer Armor
71:59 Herbal Medicine
kaspko
11:25 Loom
13:17 Feudal Age
15:27 Double-Bit Axe
18:35 Town Watch
21:08 Castle Age
21:39 Bloodlines
22:18 Husbandry
21:46 Light Cavalry
22:39 Scale Barding Armor
22:46 Forging
22:28 Fletching
23:54 Chain Barding Armor
25:25 Horse Collar
25:58 Bow Saw
26:27 Iron Casting
32:01 Stone Mining
32:18 Heavy Plow
31:44 Elite Skirmisher
31:46 Crossbowman
33:57 Wheelbarrow
35:17 Scale Mail Armor
35:17 Bodkin Arrow
35:25 Padded Archer Armor
35:45 Gold Mining
40:42 Imperial Age
40:32 Leather Archer Armor
40:30 Town Patrol
40:49 Hand Cart
41:11 Imperial Skirmisher
42:02 Bracer
42:34 Ring Archer Armor
42:25 Thumb Ring
43:53 Chemistry
43:15 Ballistics
42:41 Treadmill Crane
45:38 Siege Engineers
45:52 Chain Mail Armor
46:12 Plate Barding Armor
45:27 Elite Fire Lancer
47:19 Squires
47:53 Plate Mail Armor
47:47 Fortified Wall
48:16 Paper Money
48:57 Crop Rotation
49:34 Stone Shaft Mining
49:38 Pikeman
50:44 Arrowslits
50:56 Elite Rattan Archer
55:38 Onager
58:30 Halberdier
64:01 Hoardings
rondelok
11:01 Feudal Age
15:04 Castle Age
15:24 Loom
26:00 Gold Mining
26:28 Horse Collar
27:39 Padded Archer Armor
34:20 Imperial Age
32:36 Bloodlines
32:26 Husbandry
35:21 Wheelbarrow
36:36 Chemistry
37:54 Heavy Plow
39:22 Fletching
40:50 Ballistics
41:50 Conscription
42:10 Bodkin Arrow
41:45 Elite Skirmisher
44:23 Hand Cart
44:50 Imperial Skirmisher
47:52 Pikeman
48:32 Squires
48:44 Scale Mail Armor
48:54 Forging
49:08 Forging
49:16 Town Watch
50:57 Fortified Wall
51:54 Halberdier
58:35 Crop Rotation
63:58 Chain Mail Armor
64:18 Iron Casting
64:27 Arson
65:21 Plate Mail Armor
64:52 Bracer
65:00 Bracer
76:44 Blast Furnace
75:50 Scale Barding Armor
75:20 Light Cavalry
76:26 Cavalier
76:32 Hussar
77:11 Hussar
Connection lost

Rejoining the realm…

Still unreachable

The connection could not be restored.

Session expired

The server has moved on; the page needs a fresh start.